Map: Ulrena

Players

capac - Winner!

  • Race: Terran Terran
  • League: Gold

A.I. 1 (Elite)

  • Race: Protoss Protoss

VOD

Have the link to the VOD?

Description

Time

  • Played on: April 30, 2016, 4:08 a.m.
  • Length: 10:55
Show
View Real Time Build Order
Export as new Build Order

capac Terran - Winner!

Build Orders: Reaper Expand, MMM Bio 

Get SALT Encoding   

  12  0:00  SCV  
  13  0:13  SCV  
  14  0:20  Supply Depot  
  14  0:29  SCV  
  15  0:43  Barracks  
  15  0:46  Refinery  
  15  0:47  SCV  
  16  1:00  SCV  
  17  1:13  SCV  
  18  1:25  SCV  
  19  1:33  Reaper  
  19  1:38  Orbital Command  
  20  1:47  Command Center  
  20  2:03  Supply Depot  
  20  2:07  Factory  
  20  2:09  Marine  
  21  2:20  SCV  
  22  2:30  Barracks  
  22  2:33  SCV  
  22  2:36  Barracks Reactor  
  22  2:42  Refinery  
  22  2:48  SCV  
  23  2:58  Factory Tech Lab  
  23  3:00  Orbital Command  
  23  3:10  SCV  
  24  3:20  Barracks Tech Lab  
  24  3:21  Marine x2  
  24  3:22  SCV  
  24  3:25  Siege Tank  
  30  3:29  SCV  
  31  3:34  SCV  
  32  3:41  Starport  
  32  3:44  SCV  
  32  3:46  Marine x3  
  36  3:58  SCV x2  
  38  4:04  Marine  
  38  4:05  Marine x2  
  41  4:11  Supply Depot  
  41  4:14  Siege Tank  
  41  4:15  SCV x2  
  46  4:21  Supply Depot  
  46  4:32  Marine x3, Medivac  
  51  4:39  Refinery x2  
  51  4:40  Stimpack  
  51  4:44  SCV x2  
  53  4:55  Supply Depot  
  53  4:56  Marine x3, SCV x2  
  58  5:05  Starport Reactor  
  58  5:11  SCV x2  
  60  5:21  Command Center  
  60  5:23  Marine x2, SCV x2  
  60  5:24  Marine  
  65  5:29  Supply Depot  
  65  5:38  SCV x2  
  67  5:44  Marine x2  
  69  5:51  Barracks, Medivac x2  
  69  5:52  Barracks, SCV  
  69  5:53  SCV  
  75  6:05  SCV x2  
  75  6:06  Marine  
  75  6:11  Supply Depot  
  78  6:29  Marine x2, Siege Tank  
  83  6:33  Liberator x2  
  83  6:34  Supply Depot  
  83  6:38  SCV x2  
  85  6:41  Barracks  
  85  6:42  Barracks  
  85  6:44  Barracks Reactor x2  
  85  6:46  Marine  
  86  6:47  Marine  
  93  6:58  Supply Depot  
  93  7:00  Combat Shields  
  93  7:01  Siege Tank  
  93  7:07  Marine  
  93  7:08  Marine x2  
  99  7:13  Engineering Bay  
  99  7:18  Engineering Bay  
  99  7:23  SCV x2  
  99  7:24  Supply Depot  
  99  7:26  Orbital Command  
  99  7:58  Liberator x2  
  99  8:04  Marine x5  
  99  8:05  Marine x3  
  96  8:12  Marine  
  103  8:22  Marine x3  
  106  8:27  SCV  
  106  8:28  SCV  
  108  8:34  Marine x2  
  108  8:35  Marine x3  
  108  8:36  Marine  
  108  8:39  Marine, Siege Tank  
  108  8:40  SCV x2  
  119  8:44  Liberator x2  
  116  8:52  SCV x2  
  116  9:02  Marine x9  
  129  9:11  Siege Tank  
  132  9:19  Marine  
  133  9:28  Supply Depot, Marine x8  
  141  9:37  Marine  
  142  9:46  Marine x7  
  145  9:59  Marine x2  
  146  10:03  Marine x2  
  147  10:14  Medivac  
  147  10:15  Medivac  
Show
View Real Time Build Order
Export as new Build Order

A.I. 1 (Elite) Protoss 

Build Orders:  

Get SALT Encoding   

  12  0:01  Probe (Chrono Boost)  
  13  0:11  Probe (Chrono Boost)  
  14  0:20  Pylon  
  14  0:22  Probe (Chrono Boost)  
  15  0:38  Probe (Chrono Boost)  
  16  0:47  Assimilator  
  16  0:49  Probe (Chrono Boost)  
  17  0:51  Gateway  
  17  0:59  Probe (Chrono Boost), Pylon  
  18  1:10  Probe (Chrono Boost)  
  19  1:20  Probe (Chrono Boost)  
  20  1:31  Probe (Chrono Boost)  
  21  1:37  Zealot  
  23  1:41  Cybernetics Core  
  23  1:42  Probe (Chrono Boost)  
  24  1:54  Probe (Chrono Boost)  
  25  2:00  Nexus  
  25  2:05  Probe (Chrono Boost)  
  26  2:11  Warp Gate  
  27  2:16  Probe (Chrono Boost)  
  27  2:19  Stalker  
  28  2:28  Probe (Chrono Boost)  
  29  2:36  Gateway  
  29  2:39  Probe (Chrono Boost)  
  29  2:42  Pylon  
  30  2:51  Assimilator  
  30  2:58  Zealot  
  33  3:06  Probe (Chrono Boost)  
  33  3:11  Pylon  
  33  3:14  Probe (Chrono Boost)  
  33  3:17  Probe (Chrono Boost)  
  35  3:21  Adept  
  35  3:24  Adept  
  35  3:25  Probe (Chrono Boost)  
  40  3:28  Probe (Chrono Boost)  
  41  3:37  Probe (Chrono Boost)  
  41  3:39  Robotics Facility  
  42  3:45  Probe (Chrono Boost)  
  42  3:47  Adept  
  44  3:49  Probe (Chrono Boost), Adept  
  49  3:56  Probe (Chrono Boost)  
  49  4:00  Probe (Chrono Boost)  
  50  4:07  Probe (Chrono Boost)  
  51  4:11  Probe (Chrono Boost), Pylon  
  52  4:19  Probe (Chrono Boost)  
  52  4:22  Probe (Chrono Boost)  
  52  4:23  Adept  
  56  4:26  Immortal, Stalker  
  63  4:33  Probe (Chrono Boost)  
  63  4:34  Probe (Chrono Boost), Pylon  
  64  4:41  Stalker  
  64  4:44  Probe (Chrono Boost)  
  64  4:45  Probe (Chrono Boost)  
  68  4:49  Robotics Facility  
  68  4:51  Stalker  
  70  5:02  Probe (Chrono Boost), Immortal  
  70  5:03  Probe (Chrono Boost)  
  76  5:10  Pylon  
  76  5:12  Pylon  
  76  5:17  Stalker  
  78  5:25  Assimilator  
  78  5:27  Sentry  
  81  5:29  Probe (Chrono Boost), Gateway  
  81  5:30  Probe (Chrono Boost)  
  82  5:38  Sentry  
  82  5:41  Pylon  
  82  5:42  Probe (Chrono Boost)  
  84  5:43  Assimilator  
  84  5:48  Probe (Chrono Boost)  
  84  5:49  Zealot  
  87  5:54  Probe (Chrono Boost)  
  88  5:59  Stalker  
  88  6:00  Probe (Chrono Boost)  
  88  6:01  Pylon  
  91  6:07  Probe (Chrono Boost)  
  91  6:09  Stalker  
  91  6:11  Probe (Chrono Boost)  
  95  6:18  Forge  
  95  6:20  Stalker  
  95  6:23  Nexus, Forge  
  97  6:42  Robotics Bay  
  97  6:44  Protoss Ground Weapons Level 1  
  97  6:48  Protoss Ground Armor Level 1  
  97  6:52  Pylon  
  97  6:53  Zealot  
  99  7:02  Pylon  
  99  7:03  Sentry  
  101  7:09  Observer  
  101  7:10  Gateway  
  102  7:17  Zealot  
  104  7:24  Photon Cannon  
  104  7:26  Colossus  
  104  7:28  Twilight Council  
  104  7:30  Photon Cannon  
  104  7:35  Photon Cannon  
  104  7:36  Probe x3 (Chrono Boost)  
  113  7:37  Pylon  
  113  7:42  Assimilator  
  113  7:47  Probe (Chrono Boost)  
  113  7:48  Colossus  
  113  7:49  Probe (Chrono Boost), Pylon  
  113  7:50  Probe (Chrono Boost)  
  116  7:55  Blink  
  116  7:57  Nexus  
  116  7:58  Probe (Chrono Boost)  
  103  8:08  Photon Cannon, Adept  
  103  8:11  Zealot  
  91  8:14  Adept  
  91  8:17  Stalker  
  81  8:28  Zealot  
  63  8:37  Probe (Chrono Boost)  
  59  8:44  Probe (Chrono Boost)  
  50  8:51  Adept  
  50  8:54  Probe (Chrono Boost)  
  35  9:03  Zealot  
  27  9:12  Adept  
  24  9:26  Stalker  
Tags
 
Composition
MMM Bio
League
Gold
Matchup
PvT
Add a new tag
Caveats
  • Supply blocks, unpowered buildings, or Contaminate may cause inaccurate times.
  • Supply counts are checked every 10 seconds.